 Dungeon Crawl Stone Soup version 0.18.1-6-gd335043 (webtiles) character file.

948 manyhoops the Chopper (level 7, 0/82 HPs)
             Began as a Demonspawn Gladiator on May 16, 2016.
             Slain by a slave (4 damage)
             ... led by Pikel
             ... on level 5 of the Dungeon.
             The game lasted 00:07:57 (4617 turns).

manyhoops the Chopper (Demonspawn Gladiator)        Turns: 4617, Time: 00:07:58

Health: 0/82       AC: 23    Str: 18    XL:     7   Next: 89%
Magic:  0/7        EV:  2    Int:  9    God:
Gold:   242        SH:  5    Dex: 13    Spells: 0 memorised, 6 levels left

rFire  . . .     SeeInvis .     a - +0 war axe
rCold  . . .     Gourm    .     (armour currently unavailable)
rNeg   + + +     Faith    .     (no shield)
rPois  +         Spirit   +     (helmet currently unavailable)
rElec  .         Dismiss  .     (cloak currently unavailable)
rCorr  .         Reflect  +     (gloves currently unavailable)
SustAt .         Harm     .     (boots currently unavailable)
MR     +....     NoTele   +     n - +5 amulet of reflection
Stlth  +.........               x - -2 ring of evasion (curse)
                                o - ring of protection from magic

@: tree-form, somewhat resistant to hostile enchantments, very unstealthy
A: (thin metallic scales 0), magic shield, magic regeneration
a: no special abilities


You were on level 5 of the Dungeon.
You were near starving.
You were a tree.
You visited 1 branch of the dungeon, and saw 5 of its levels.
You also visited: Sewer.

You collected 242 gold pieces.

Inventory:

Hand Weapons
 a - a +0 war axe (weapon)
 p - a +2 flail of crushing
Missiles
 d - 2 throwing nets (quivered)
Armour
 c - a +1 helmet (melded)
 r - a +0 ring mail (melded)
Jewellery
 l - an uncursed amulet of magic regeneration
 m - an uncursed ring of ice
 n - a +5 amulet of reflection (around neck)
 o - a ring of protection from magic (left branch)
 x - a cursed -2 ring of evasion (right branch)
Scrolls
 e - 2 scrolls of immolation
 i - 2 scrolls of blinking
 k - 4 scrolls of teleportation
 w - a scroll of identify
Potions
 h - 4 potions of flight
 q - a potion of cure mutation {unknown}
 s - a potion of curing {unknown}
 t - 2 potions of brilliance {unknown}
 v - 3 potions of magic {unknown}
Comestibles
 f - 3 bread rations
 j - a meat ration
 u - a beef jerky


   Skills:
 + Level 4.5 Fighting
 + Level 6.0 Axes
 - Level 1.7 Throwing
 + Level 4.7 Armour
 - Level 2.6 Dodging


You had 6 spell levels left.
You didn't know any spells.

Dungeon Overview and Level Annotations

Branches:
Dungeon (5/15)             Temple (0/1) D:5

Altars:
Cheibriados
Elyvilon
Kikubaaqudgha
Trog
Yredelemnul
Zin

Annotations:
D:5 Pikel


Innate Abilities, Weirdness & Mutations

((You are partially covered in thin metallic scales (AC +2).))
When hurt, damage is shared between your health and your magic reserves.
You regenerate magic rapidly.


Message History

The slave is moderately wounded.
You hit the slave.
The slave is heavily wounded.
Pikel hits you but does no damage.
The slave hits you but does no damage. x3
You block the slave's attack.
The slave hits you but does no damage. x2
Pikel checks his coin pouch and frowns.
Pikel hits you but does no damage. The slave hits you but does no damage.
You hit Pikel.
Pikel is heavily wounded.
You hit the slave.
The slave is heavily wounded.
You hit the slave.
The slave is severely wounded.
You hit the slave.
The slave is heavily wounded.
You hit the slave but do no damage.
The slave is heavily wounded.
The slave hits you but does no damage. Pikel hits you but does no damage.
The slave hits you but does no damage. x2; The slave hits you.
You die...

########
#......#
#......#
#......#
#......#
#......#
#.p....##
#<♣p....#
#pKp....#
#...[....#
#......#.#
..###### .
.## #


You could see Pikel and 4 slaves.

Vanquished Creatures
  A yak (D:5)
  A phantom (D:4)
  2 ogres
  A crimson imp (D:3)
  2 orc priests
  3 orc wizards (D:4)
  Jessica (D:2)
  Terence (D:1)
  A siren (Sewer)
  2 worker ants (D:4)
  A howler monkey zombie (D:5)
  Robin (D:4)
  8 adders
  3 river rats (Sewer)
  2 worms (D:4)
  2 dart slugs
  4 giant geckos
  10 orcs
  4 giant cockroaches
  2 gnoll zombies (D:4)
  13 goblins
  9 hobgoblins
  2 jackals (D:2)
  6 kobolds
  3 quokkas
  5 ball pythons
  5 bats
  9 giant newts
  26 rats
130 creatures vanquished.

Vanquished Creatures (others)
  A goblin (D:4)
1 creature vanquished.

Grand Total: 131 creatures vanquished

Notes
Turn   | Place    | Note
--------------------------------------------------------------
     0 | D:1      | manyhoops the Demonspawn Gladiator began the quest for the Orb.
     0 | D:1      | Reached XP level 1. HP: 16/16 MP: 1/1
    74 | D:1      | Reached skill level 3 in Axes
   392 | D:1      | Gained mutation: When hurt, damage is shared between your health and your magic reserves. [demonic ancestry]
   392 | D:1      | Reached XP level 2. HP: 17/22 MP: 2/2
  1115 | D:2      | Found a snail-covered altar of Cheibriados.
  1159 | D:2      | Noticed Jessica
  1182 | D:2      | Killed Jessica
  1182 | D:2      | Reached skill level 1 in Armour
  1182 | D:2      | Gained mutation: You regenerate magic rapidly. [demonic ancestry]
  1182 | D:2      | Reached XP level 3. HP: 14/28 MP: 3/3
  1323 | D:2      | Noticed Terence
  1382 | D:1      | Killed Terence
  1382 | D:1      | Reached XP level 4. HP: 5/34 MP: 2/4
  2036 | D:3      | Reached skill level 4 in Axes
  2088 | D:3      | Reached XP level 5. HP: 39/39 MP: 5/5
  2140 | D:3      | Found a glowing drain.
  2148 | Sewer    | Entered a sewer
  3093 | D:3      | Gained mutation: You are partially covered in thin metallic scales (AC +2). [demonic ancestry]
  3093 | D:3      | Reached XP level 6. HP: 42/47 MP: 4/6
  3198 | D:3      | Found an ancient bone altar of Kikubaaqudgha.
  3302 | D:3      | Found a bloodstained altar of Trog.
  3588 | D:4      | Noticed Robin
  3598 | D:4      | Reached skill level 5 in Axes
  3856 | D:4      | Killed Robin
  3923 | D:4      | Found a basalt altar of Yredelemnul.
  4036 | D:4      | Reached XP level 7. HP: 39/53 MP: 4/7
  4272 | D:4      | Found a glowing silver altar of Zin.
  4275 | D:4      | Found a white marble altar of Elyvilon.
  4408 | D:5      | Entered Level 5 of the Dungeon
  4427 | D:5      | Found a staircase to the Ecumenical Temple.
  4429 | D:5      | Noticed a yak
  4429 | D:5      | Noticed a yak
  4430 | D:5      | Noticed a yak
  4431 | D:5      | Noticed a yak
  4447 | D:5      | Killed a yak
  4447 | D:5      | Reached skill level 6 in Axes
  4604 | D:5      | Noticed Pikel
  4614 | D:5      | HP: 4/82 [slave[Pikel] (5)]
  4617 | D:5      | Slain by a slave

Skill      XL: |  1  2  3  4  5  6  7 |
---------------+----------------------+-----
Axes           | 3 4 5 6 |  6.0
Armour         | 1 2 3 4 |  4.7
Fighting       | 3 4 |  4.5
Throwing       | |  1.7
Dodging        | |  2.6

Action                   |  1- 3 |  4- 6 |  7- 9 || total
-------------------------+-------+-------+-------++-------
Melee: War axe           |    99 |   328 |    82 ||   509
Throw: Throwing net      |       |     1 |       ||     1
  Use: Scroll            |       |    11 |       ||    11
       Potion            |       |     1 |     1 ||     2
  Eat: Chunk             |     1 |     6 |       ||     7
       Bread ration      |       |     1 |       ||     1
Armor: Leather armour    |    28 |       |       ||    28
       Ring mail         |       |   135 |    39 ||   174
       Skin              |       |       |    24 ||    24
Dodge: Dodged            |    59 |   187 |    48 ||   294
Block: Other             |    15 |    78 |    23 ||   116
       Reflection        |     1 |     4 |       ||     5
